[ AOE2 MATCH · #495754111 ]
UnrankedMuisca vs Malay
Player's team · LOSS
Rival team · WIN
[ REPLAY ANALYSIS · EXTRACTED FROM THE RECORDED GAME ]
Feudal
11:09
Castle
17:00
Imperial
—
| APM avg | 40.6 |
| APM peak | 110 |
| eAPM avg | 19.7 |
| Villagers / military | 35 / 0 |
Focus
⚔️ 35.1% · 🌾 64.9%
Unknown (2562) ×5
Feudal
9:36
Castle
20:18
Imperial
—
| APM avg | 91.0 |
| APM peak | 184 |
| eAPM avg | 27.4 |
| Villagers / military | 56 / 31 |
Focus
⚔️ 44.8% · 🌾 55.2%
Archer ×28 · Militia ×3
Match map
Initial resources + every placement click. Lines = walls · curves = elevation contours. ◆ gold · ⬟ stone · ● berries · ✦ relic · ◌ wall gap
Your base· Open — unwalled flank
AiM | Foreign Dish's base· Open — unwalled flank
Smoothed initial terrain · ◌ = detected wall gap · hover for details
Inputs per minute
— Crowley - - AiM | Foreign Dish
Build order — Crowley
83 actions detected in the replay
| 0:00 | Create | Villager (Male) |
| 0:01 | Create | Villager (Male) |
| 0:01 | Create | Villager (Male) |
| 0:01 | Create | Villager (Male) |
| 0:02 | Build | House |
| 0:04 | Build | House |
| 1:27 | Create | Villager (Male) |
| 2:06 | Build | Settlement |
| 2:07 | Create | Villager (Male) |
| 2:13 | Create | Villager (Male) |
| 2:13 | Create | Villager (Male) |
| 2:48 | Create | Villager (Male) |
| 3:16 | Create | Villager (Male) |
| 3:16 | Create | Villager (Male) |
| 4:00 | Build | Settlement |
| 4:06 | Build | Settlement |
| 4:08 | Create | Villager (Male) |
| 4:09 | Create | Villager (Male) |
| 4:24 | Create | Villager (Male) |
| 5:25 | Create | Villager (Male) |
| 5:46 | Create | Villager (Male) |
| 6:01 | Create | Villager (Male) |
| 6:10 | Create | Villager (Male) |
| 6:13 | Create | Villager (Male) |
| 6:28 | Create | Villager (Male) |
| 6:57 | Create | Villager (Male) |
| 7:18 | Create | Villager (Male) |
| 7:24 | Build | Settlement |
| 7:29 | Create | Villager (Male) |
| 7:29 | Create | Villager (Male) |
| 7:44 | Research | Loom |
| 8:00 | Create | Villager (Male) |
| 8:06 | Build | Palisade Wall |
| 8:07 | Create | Villager (Male) |
| 8:13 | Build | Palisade Wall |
| 8:35 | Build | Palisade Wall |
| 8:58 | Research | Feudal Age |
| 9:11 | Build | Palisade Wall |
| 9:48 | Build | Palisade Wall |
| 10:56 | Build | Palisade Wall |
| 10:59 | Build | Palisade Wall |
| 11:09 | Age | Feudal Age |
| 11:23 | Build | Blacksmith |
| 11:28 | Create | Villager (Male) |
| 11:31 | Build | House |
| 11:35 | Create | Villager (Male) |
| 11:42 | Build | Palisade Wall |
| 11:45 | Build | Palisade Wall |
| 11:48 | Build | Palisade Wall |
| 11:52 | Build | Palisade Wall |
| 11:58 | Create | Villager (Male) |
| 12:15 | Build | Palisade Wall |
| 12:22 | Build | Palisade Wall |
| 12:27 | Build | Palisade Wall |
| 12:33 | Build | Palisade Wall |
| 12:34 | Create | Villager (Male) |
| 12:53 | Build | Palisade Wall |
| 13:14 | Build | Watch Tower |
| 13:21 | Build | Stone Wall |
| 13:32 | Build | Market |
| 13:34 | Create | Villager (Male) |
| 14:20 | Research | Castle Age |
| 14:20 | Research | Castle Age |
| 14:40 | Build | House |
| 14:45 | Build | House |
| 14:58 | Build | House |
| 15:07 | Build | Stone Wall |
| 15:45 | Build | Farm |
| 15:47 | Build | Farm |
| 16:39 | Build | Farm |
| 17:00 | Age | Castle Age |
| 17:01 | Build | House |
| 17:10 | Build | Castle |
| 18:30 | Create | Villager (Male) |
| 18:42 | Create | Villager (Male) |
| 18:53 | Create | Unit 2562 |
| 18:54 | Create | Unit 2562 |
| 18:54 | Create | Unit 2562 |
| 19:15 | Create | Villager (Male) |
| 19:54 | Build | Settlement |
| 20:01 | Create | Villager (Male) |
| 20:56 | Create | Unit 2562 |
| 20:56 | Create | Unit 2562 |
Build order — AiM | Foreign Dish
141 actions detected in the replay
| 0:01 | Create | Villager (Male) |
| 0:01 | Create | Villager (Male) |
| 0:01 | Create | Villager (Male) |
| 0:02 | Build | House |
| 0:04 | Build | House |
| 0:14 | Create | Villager (Male) |
| 1:18 | Create | Villager (Male) |
| 2:01 | Build | Lumber Camp |
| 2:06 | Create | Villager (Male) |
| 2:06 | Create | Villager (Male) |
| 2:21 | Create | Villager (Male) |
| 2:43 | Create | Villager (Male) |
| 2:43 | Create | Villager (Male) |
| 2:43 | Create | Villager (Male) |
| 3:09 | Create | Villager (Male) |
| 3:10 | Create | Villager (Male) |
| 3:10 | Create | Villager (Male) |
| 3:35 | Create | Villager (Male) |
| 3:35 | Create | Villager (Male) |
| 3:48 | Create | Villager (Male) |
| 3:48 | Create | Villager (Male) |
| 3:52 | Build | House |
| 3:55 | Build | House |
| 4:27 | Create | Villager (Male) |
| 4:27 | Create | Villager (Male) |
| 4:48 | Build | Mill |
| 5:07 | Create | Villager (Male) |
| 5:08 | Create | Villager (Male) |
| 5:44 | Create | Villager (Male) |
| 5:44 | Create | Villager (Male) |
| 5:45 | Create | Villager (Male) |
| 5:51 | Create | Villager (Male) |
| 6:36 | Create | Villager (Male) |
| 6:36 | Create | Villager (Male) |
| 6:41 | Create | Villager (Male) |
| 7:10 | Build | Barracks |
| 7:28 | Create | Villager (Male) |
| 7:30 | Research | Loom |
| 7:36 | Create | Villager (Male) |
| 7:46 | Build | Mining Camp |
| 8:00 | Research | Feudal Age |
| 8:00 | Research | Feudal Age |
| 8:17 | Create | Militia |
| 8:17 | Create | Militia |
| 8:49 | Create | Militia |
| 9:11 | Build | House |
| 9:36 | Age | Feudal Age |
| 9:42 | Research | Man-at-Arms (upgrade) |
| 9:42 | Create | Villager (Male) |
| 9:44 | Build | Archery Range |
| 9:46 | Build | Palisade Wall |
| 10:09 | Build | Mill |
| 10:23 | Build | Palisade Wall |
| 10:43 | Create | Archer |
| 10:43 | Create | Archer |
| 10:44 | Create | Villager (Male) |
| 11:08 | Build | Palisade Gate |
| 11:10 | Create | Villager (Male) |
| 11:15 | Build | House |
| 11:20 | Create | Archer |
| 11:23 | Create | Villager (Male) |
| 11:29 | Build | Palisade Wall |
| 11:49 | Create | Archer |
| 11:54 | Build | Farm |
| 11:56 | Build | Farm |
| 11:56 | Build | Farm |
| 12:20 | Create | Archer |
| 12:21 | Create | Villager (Male) |
| 12:25 | Create | Villager (Male) |
| 12:36 | Build | Blacksmith |
| 12:56 | Create | Archer |
| 12:57 | Create | Villager (Male) |
| 12:57 | Create | Villager (Male) |
| 12:58 | Create | Villager (Male) |
| 13:00 | Build | House |
| 13:05 | Research | Town Watch |
| 13:23 | Create | Villager (Male) |
| 13:25 | Build | Farm |
| 13:27 | Build | Farm |
| 13:29 | Create | Villager (Male) |
| 13:30 | Create | Villager (Male) |
| 13:33 | Build | Palisade Wall |
| 13:38 | Build | Farm |
| 13:45 | Research | Fletching |
| 13:45 | Research | Fletching |
| 13:59 | Create | Villager (Male) |
| 14:01 | Build | Farm |
| 14:05 | Create | Archer |
| 14:05 | Create | Archer |
| 14:11 | Create | Villager (Male) |
| 14:31 | Build | Farm |
| 14:37 | Create | Archer |
| 14:37 | Create | Villager (Male) |
| 14:40 | Build | House |
| 14:40 | Build | House |
| 15:23 | Create | Archer |
| 15:24 | Create | Villager (Male) |
| 15:25 | Create | Villager (Male) |
| 15:43 | Create | Archer |
| 15:45 | Build | House |
| 15:50 | Build | Farm |
| 15:54 | Build | Farm |
| 15:56 | Build | Farm |
| 15:58 | Build | Farm |
| 16:08 | Create | Archer |
| 16:19 | Create | Archer |
| 16:35 | Create | Archer |
| 16:41 | Create | Villager (Male) |
| 16:43 | Build | Farm |
| 16:44 | Create | Villager (Male) |
| 17:23 | Create | Archer |
| 17:23 | Create | Archer |
| 17:38 | Create | Archer |
| 17:43 | Create | Villager (Male) |
| 17:44 | Create | Villager (Male) |
| 18:16 | Create | Archer |
| 18:17 | Create | Archer |
| 18:18 | Create | Villager (Male) |
| 18:27 | Build | Farm |
| 18:27 | Build | Farm |
| 18:28 | Create | Villager (Male) |
| 18:32 | Build | House |
| 18:42 | Research | Castle Age |
| 18:42 | Research | Castle Age |
| 18:46 | Build | Farm |
| 18:53 | Build | Archery Range |
| 18:56 | Research | Gold Mining |
| 19:25 | Create | Archer |
| 19:25 | Create | Archer |
| 19:44 | Create | Archer |
| 19:49 | Create | Archer |
| 19:49 | Create | Archer |
| 20:18 | Age | Castle Age |
| 20:21 | Research | Bodkin Arrow |
| 20:23 | Create | Villager (Male) |
| 20:24 | Create | Villager (Male) |
| 20:33 | Research | Crossbowman (upgrade) |
| 21:02 | Create | Archer |
| 21:02 | Create | Archer |
| 21:23 | Create | Archer |
| 21:37 | Create | Archer |
Match timeline
| 7:10 | AiM | Foreign Dish · first_building Barracks |
| 8:06 | Crowley · wall_segment Palisade Wall x11 |
| 8:13 | Crowley · wall_segment Palisade Wall x10 |
| 8:35 | Crowley · wall_segment Palisade Wall x13 |
| 9:11 | Crowley · wall_segment Palisade Wall x1 |
| 9:36 | AiM | Foreign Dish · age_up feudal |
| 9:44 | AiM | Foreign Dish · first_building Archery Range |
| 9:46 | AiM | Foreign Dish · wall_segment Palisade Wall x1 |
| 9:48 | Crowley · wall_segment Palisade Wall x2 |
| 10:23 | AiM | Foreign Dish · wall_segment Palisade Wall x1 |
| 10:56 | Crowley · wall_segment Palisade Wall x1 |
| 10:59 | Crowley · wall_segment Palisade Wall x1 |
| 11:09 | Crowley · age_up feudal |
| 11:29 | AiM | Foreign Dish · wall_segment Palisade Wall x5 |
| 11:42 | Crowley · wall_segment Palisade Wall x1 |
| 11:45 | Crowley · wall_segment Palisade Wall x1 |
| 11:48 | Crowley · wall_segment Palisade Wall x1 |
| 11:52 | Crowley · wall_segment Palisade Wall x1 |
| 12:15 | Crowley · wall_segment Palisade Wall x1 |
| 12:22 | Crowley · wall_segment Palisade Wall x1 |
| 12:27 | Crowley · wall_segment Palisade Wall x1 |
| 12:33 | Crowley · wall_segment Palisade Wall x1 |
| 12:53 | Crowley · wall_segment Palisade Wall x1 |
| 13:21 | Crowley · wall_segment Stone Wall x1 |
| 13:33 | AiM | Foreign Dish · wall_segment Palisade Wall x5 |
| 14:19 | Crowley · first_market_sell 100 food |
| 15:07 | Crowley · wall_segment Stone Wall x1 |
| 17:00 | Crowley · age_up castle |
| 17:10 | Crowley · first_building Castle |
| 18:46 | Crowley · first_market_buy 100 wood |
| 20:18 | AiM | Foreign Dish · age_up castle |
| 21:37 | Crowley · resign |
[ AI ANALYSIS · 1 CREDIT ]
What really happened in this match?
Wolo.gg analyzes every decision: build order, eco, micro, common mistakes by bracket. Personalized analysis on WhatsApp or Discord in 30 seconds.
Civ guide
Muisca
Perfil
Jugador #11602153